AoeStats
← el_monaguillo

Highland

506713084Analyzed
2v2 RM · 17d ago on Sep 14, 2026· 119m 33s· 4 players
Game mode
Random Map
Map size
Medium (4 player)
Population
200
Speed
Normal
Resources
Standard
Victory
Conquest
Starting age
Dark Age
Ending age
Imperial Age
RankedLock teamsTeams togetherTeam positionsShared explorationLock speedFull tech treeHidden civsTurbo modeCheats
Victory
Defeat
🇵🇪 Poles · Peru
828
+18
🇩🇪 Vikings · Germany
780
+41
🇪🇸 Goths · Spain
883
-19
🇪🇸 Spanish · Spain
843
-23
Perrito Perron
7:59 Loom
10:07 Feudal Age
12:57 Bloodlines
12:49 Horse Collar
14:14 Scale Barding Armor
16:39 Forging
20:46 Fletching
22:41 Wheelbarrow
22:48 Padded Archer Armor
29:26 Castle Age
31:23 Crossbowman
32:38 Town Watch
33:13 Hand Cart
33:38 Bodkin Arrow
33:50 Town Patrol
36:49 Double-Bit Axe
38:51 Elite Skirmisher
39:32 Treadmill Crane
40:59 Caravan
41:46 Murder Holes
42:02 Masonry
41:56 Gold Mining
45:32 Stone Mining
47:50 Coinage
47:54 Szlachta Privileges
50:24 Imperial Age
48:08 Thumb Ring
48:32 Pikeman
49:12 Squires
48:33 Man-at-Arms
49:35 Chain Barding Armor
49:50 Iron Casting
50:41 Fortified Wall
51:59 Conscription
53:01 Chemistry
52:07 Siege Engineers
53:31 Banking
54:47 Blast Furnace
53:48 Scale Mail Armor
53:31 Light Cavalry
53:31 Cavalier
54:11 Husbandry
54:13 Arbalester
54:59 Winged Hussar
58:08 Ballistics
64:30 Heavy Plow
65:51 Arson
65:30 Elite Obuch
66:33 Lechitic Legacy
70:40 Bow Saw
71:09 Conscription
91:23 Hoardings
114:43 Spies/Treason
EidechseKran22
0:30 Loom
12:56 Feudal Age
13:26 Double-Bit Axe
13:32 Horse Collar
15:26 Town Watch
18:10 Gold Mining
18:12 Stone Mining
22:57 Castle Age
23:04 Forging
22:55 Scale Mail Armor
23:01 Scale Barding Armor
22:57 Padded Archer Armor
26:09 Bow Saw
34:34 Gold Shaft Mining
34:07 Light Cavalry
36:31 Chain Mail Armor
36:56 Treadmill Crane
41:58 Imperial Age
39:28 Crossbowman
40:17 Squires
39:38 Man-at-Arms
40:04 Arson
41:43 Caravan
41:53 Fletching
41:37 Pikeman
41:39 Long Swordsman
43:02 Elite Skirmisher
44:51 Chemistry
45:13 Conscription
45:38 Leather Archer Armor
47:52 Bogsveigar
49:43 Hoardings
49:50 Ring Archer Armor
53:55 Ballistics
54:11 Elite Berserk
64:21 Gambesons
63:57 Two-Handed Swordsman
66:27 Cavalier
68:48 Chieftains
72:23 Plate Mail Armor
72:29 Iron Casting
72:15 Chain Barding Armor
71:50 Bodkin Arrow
Jelt
11:23 Feudal Age
11:27 Man-at-Arms
16:10 Forging
24:30 Castle Age
24:46 Scale Mail Armor
31:58 Loom
32:53 Husbandry
33:00 Double-Bit Axe
37:22 Bloodlines
38:29 Scale Barding Armor
40:05 Wheelbarrow
40:12 Horse Collar
45:47 Imperial Age
43:36 Hand Cart
45:05 Caravan
45:01 Gold Mining
45:03 Stone Mining
47:39 Chain Barding Armor
47:40 Perfusion
48:28 Anarchy
48:52 Conscription
50:14 Elite Huskarl
52:50 Chemistry
52:11 Ballistics
53:50 Iron Casting
53:31 Chain Mail Armor
56:51 Squires
60:26 Pikeman
61:03 Halberdier
64:26 Heated Shot
67:38 Heavy Plow
73:08 Crop Rotation
73:34 Town Watch
81:40 Cavalier
90:55 Blast Furnace
90:10 Chain Mail Armor
el_monaguillo
3:57 Loom
11:59 Feudal Age
13:28 Wheelbarrow
12:36 Horse Collar
13:36 Man-at-Arms
15:17 Double-Bit Axe
17:34 Gold Mining
18:49 Town Watch
20:01 Forging
19:51 Scale Mail Armor
25:24 Castle Age
24:02 Stone Mining
24:24 Scale Barding Armor
27:27 Iron Casting
27:07 Chain Mail Armor
27:13 Chain Barding Armor
27:39 Stone Shaft Mining
27:14 Long Swordsman
27:14 Pikeman
28:05 Squires
28:58 Light Cavalry
29:39 Husbandry
32:03 Hand Cart
31:49 Town Patrol
33:15 Bow Saw
36:13 Gambesons
36:33 Guard Tower
37:04 Ballistics
36:40 Murder Holes
37:12 Fervor
41:14 Caravan
42:58 Masonry
47:07 Imperial Age
47:29 Elite Conquistador
49:16 Hoardings
49:04 Conscription
50:22 Atonement
50:42 Sanctity
50:37 Redemption
50:55 Illumination
50:49 Block Printing
51:05 Halberdier
51:06 Two-Handed Swordsman
51:10 Cavalier
52:00 Bloodlines
55:57 Chemistry
54:43 Arrowslits
55:34 Keep
55:30 Architecture
59:48 Paladin
67:58 Capped Ram
84:35 Blast Furnace
84:05 Plate Mail Armor
84:11 Plate Barding Armor
Connection lost

Rejoining the realm…

Still unreachable

The connection could not be restored.

Session expired

The server has moved on; the page needs a fresh start.